 Dungeon Crawl Stone Soup version 0.31.0-11-ge490571c62 (webtiles) character file.

Game seed: 11883703614970751511

1544 Firecrotchwizard the Cleaver (level 8, -2/73 HPs)
             Began as a Hill Orc Fighter on Jan 27, 2024.
             Was a Follower of Beogh.
             Killed from afar by a white imp (8 damage)
             ... with a puff of frost
             ... on level 6 of the Dungeon.
             The game lasted 00:12:27 (5300 turns).

Firecrotchwizard the Cleaver (Hill Orc Fighter)     Turns: 5300, Time: 00:12:27

Health: -2/73      AC: 14    Str: 21    XL:     8   Next: 87%
Magic:  12/12      EV: 10    Int:  8    God:    Beogh [*.....]
Gold:   261        SH:  4    Dex: 10    Spells: 7/7 levels left

rFire   . . .        q - +0 whip (venom)
rCold   . . .        c - +0 buckler
rNeg    . . .        o - +4 ring mail
rPois   .            (no helmet)
rElec   .            (no cloak)
rCorr   .            m - +0 pair of gloves
SInv    .            l - +2 pair of boots
Will    .....        (no amulet) Stlth
                     (no ring)
HPRegen 0.32/turn    (no ring)
MPRegen 0.13/turn

%: no passive effects
@: no status effects
A: no striking features
a: Renounce Religion


You were on level 6 of the Dungeon.
You worshipped Beogh.
Beogh was aware of your devotion.
You visited 1 branch of the dungeon, and saw 6 of its levels.

You collected 261 gold pieces.

Inventory:

Hand Weapons
 a - a +0 war axe
 g - a +0 dagger of venom
 q - a +0 whip of venom (weapon)
Missiles
 w - a throwing net (quivered)
Armour
 b - a +0 scale mail
 c - a +0 buckler (worn)
 l - a +2 pair of boots (worn)
 m - a +0 pair of gloves (worn)
 n - a +2 ring mail of poison resistance
 o - a +4 ring mail (worn)
Jewellery
 j - a +6 ring of dexterity
Wands
 k - a wand of flame (15)
Scrolls
 e - 2 scrolls of revelation {unknown}
 f - 3 scrolls of fear {unknown}
 h - 5 scrolls of identify {unknown}
 i - 2 scrolls of teleportation {unknown}
 r - a scroll of enchant weapon {unknown}
 v - a scroll of noise {unknown}
Potions
 d - a potion of brilliance {unknown}
 p - 4 potions of curing {unknown}
 s - a potion of lignification {unknown}
 t - a potion of heal wounds {unknown}
 u - 2 potions of attraction {unknown}


   Skills:
 + Level 7.1 Fighting
 - Level 0.8 Short Blades
 * Level 9.6(9.7) Axes
 - Level 1.3(5.1) Maces & Flails
 - Level 4.3 Armour
 - Level 0.6 Dodging
 - Level 0.1 Stealth
 - Level 4.2 Shields
 + Level 5.8 Invocations


You had 7 spell levels left.
You didn't know any spells.
Your spell library contained the following spells:

 Spells                   Type           Power      Damage    Failure   Level
 Apportation              Tloc           0%         N/A       63%         1
 Necrotise                Necr           0%         1d4       63%         1
 Jinxbite                 Hex            0%         N/A       77%         2
 Fugue of the Fallen      Necr           0%         N/A       94%         3
 Ozocubu's Armour         Ice            0%         N/A       94%         3
 Vampiric Draining        Necr           0%         2d6       94%         3
 Manifold Assault         Tloc           0%         N/A       100%        4
 Martyr's Knell           Necr/Summ      0%         N/A       100%        4
 Passage of Golubria      Tloc           0%         N/A       100%        4
 Alistair's Intoxication  Alch           0%         N/A       100%        5
 Curse of Agony           Necr           0%         N/A       100%        5
 Silence                  Hex/Air        0%         N/A       100%        5
 Lehudib's Crystal Spear  Conj/Erth      0%         10d2      100%        8


Dungeon Overview and Level Annotations

Branches:
Dungeon (6/15)
 Temple: D:4-7

Altars:
Hepliaklqana
Kikubaaqudgha

Shops:
D:2 :


Message History

You are engulfed in a cloud of scalding steam.
The steam dragon closely misses you.
The steam dragon claws you but does no damage.
The white imp grins evilly.
You block the white imp's attack.
You closely miss the steam dragon.
The steam dragon is severely wounded.
The steam dragon bites you.
* * * LOW HITPOINT WARNING * * *
The steam dragon claws you.
* * * LOW HITPOINT WARNING * * *
You block the white imp's attack.
You hit the steam dragon.
The steam dragon looks as sick as possible!
The steam dragon is almost dead.
The steam dragon bites you but does no damage.
The steam dragon claws you but does no damage.
You block the white imp's attack.
Unknown command.
You closely miss the steam dragon.
The steam dragon is almost dead.
The steam dragon breathes steam at you. The ball of steam misses you.
The white imp closely misses you.
You hit the steam dragon but do no damage.
The steam dragon looks as sick as possible!
The steam dragon is almost dead.
You are engulfed in a cloud of scalding steam.
* * * LOW HITPOINT WARNING * * *
Unknown command.
You kill the steam dragon!
Beogh accepts your kill.
The steam dragon scales are intact enough to wear.
The white imp hits you but does no damage.
Your Fighting skill increases to level 7!
Things that are here:
a +0 sling; a +0 orcbow; a centaur corpse You closely miss the white imp.
The white imp gestures at you. The puff of frost hits you!
You die...

...####.# #.......§.§...
........##..# #.........
............###.<.......
##.........[............
....###.................
................##......
........................
................[.......
............?..§@.......
..............§.5#......
.................# .....
.................# ....
.................# ...
###.......§.....## ..
##...........## .
...........##


You could see a white imp.

Vanquished Creatures
  2 steam dragons
  Edmund (D:5)
  An ice beast (D:5)
  A black bear (D:5)
  An ogre (D:6)
  A phantom (D:6)
  A bullfrog (D:5)
  2 scorpions
  A vampire bat (D:4)
  3 jellies
  2 hounds (D:5)
  A gnoll bouda (D:5)
  2 orc wizards
  5 iguanas
  8 gnolls (D:5)
  5 adders
  A white imp (D:5)
  3 ribbon worms
  3 dart slugs
  8 orcs
  A bat (D:2)
  2 bat skeletons (D:4)
  3 bat zombies (D:4)
  4 endoplasms
  4 giant cockroaches
  8 goblins
  9 hobgoblins
  5 jackals
  A quokka (D:1)
  8 ball pythons
  2 frilled lizards
  4 kobolds
  4 rats
107 creatures vanquished.

Vanquished Creatures (others)
  A centaur (D:6)
  An orc (D:3)
  A quokka (D:3)
  A rat (D:3)
4 creatures vanquished.

Grand Total: 111 creatures vanquished

Notes
Turn   | Place    | Note
-------+----------+-------------------------------------------
     0 | D:1      | Firecrotchwizard the Hill Orc Fighter began the quest for
                  | the Orb.
     0 | D:1      | Reached XP level 1. HP: 19/19 MP: 1/1
   199 | D:1      | Reached XP level 2. HP: 9/27 MP: 2/2
   411 | D:1      | Reached skill level 3 in Axes
   641 | D:1      | Reached XP level 3. HP: 33/33 MP: 3/3
   854 | D:2      | You fall into a shaft and drop 1 floor!
  1247 | D:2      | Identified the +2 robe "Tonnalic" {rPois}
  1301 | D:2      | Found Namearoi's Vocational Training.
  1620 | D:3      | HP: 1/33 [orc/+0 short sword (1)]
  1625 | D:3      | Reached XP level 4. HP: 3/40 MP: 4/4
  1627 | D:3      | HP: 1/40 [orc/+0 club (3)]
  1990 | D:3      | Became a worshipper of Beogh the Brigand
  2499 | D:4      | Reached skill level 1 in Maces & Flails
  2499 | D:4      | Reached XP level 5. HP: 43/46 MP: 5/5
  2562 | D:4      | Reached skill level 4 in Axes
  2675 | D:4      | Reached skill level 1 in Invocations
  2675 | D:4      | Reached XP level 6. HP: 40/53 MP: 6/6
  2841 | D:4      | Reached * piety under Beogh
  2842 | D:4      | Found an ancient bone altar of Kikubaaqudgha.
  2899 | D:4      | Reached skill level 5 in Axes
  3182 | D:5      | Entered Level 5 of the Dungeon
  3366 | D:5      | Reached skill level 5 in Fighting
  3462 | D:5      | Noticed an ice beast
  3473 | D:5      | Killed an ice beast
  3474 | D:5      | Reached skill level 6 in Axes
  3474 | D:5      | Reached XP level 7. HP: 61/61 MP: 7/9
  3683 | D:5      | Reached skill level 7 in Axes
  4100 | D:5      | Noticed Edmund
  4141 | D:5      | Killed Edmund
  4142 | D:5      | Reached XP level 8. HP: 41/70 MP: 11/11
  4323 | D:5      | Reached skill level 8 in Axes
  4648 | D:5      | Reached skill level 5 in Invocations
  4922 | D:6      | Reached skill level 9 in Axes
  5028 | D:6      | Found a hazy altar of Hepliaklqana.
  5300 | D:6      | Killed from afar by a white imp

Illustrated notes

Levels and vault maps discovered:
D:1:      scummos_arrival_gate, layout_basic
D:2:      layout_basic, nicolae_shop_vocational
D:3:      layout_basic, minmay_quantized
D:4:      layout_basic, kennysheep_vampire_church
D:5:      layout_loops_ring, mainiacjoe_sewer_entry_somewhere_in_here_2,
          uniq_edmund
D:6:      layout_rooms, worldfamousw_hep_ancestral_shrine,
          grunt_dithmenos_smoke, uniq_maggie

Skill      XL: |  1  2  3  4  5  6  7  8 |
---------------+-------------------------+-----
Axes           | 3 4 6 7 9 |  9.6
Shields        | 4 |  4.2
Fighting       | 4 5 6 7 |  7.1
Armour         | 4 |  4.3
Maces & Flails | 1 |  1.3
Invocations    | 1 2 4 5 |  5.8
Short Blades   | |  0.8
Dodging        | |  0.6
Stealth        | |  0.1

Action                     |  1- 3 |  4- 6 |  7- 9 || total
---------------------------+-------+-------+-------++-------
  Melee: War axe           |    45 |    10 |       ||    55
         Dagger            |    86 |     7 |       ||    93
         Whip              |       |   186 |   208 ||   394
  Throw: Throwing net      |       |       |     2 ||     2
 Invoke: Convert to Beogh  |       |     1 |       ||     1
  Evoke: Wand              |       |    11 |       ||    11
    Use: Potion            |     1 |       |       ||     1
   Stab: Held in net/web   |       |       |     1 ||     1
 Armour: Scale mail        |    63 |       |       ||    63
         Ring mail         |    35 |   155 |   169 ||   359
  Dodge: Dodged            |    48 |   108 |    95 ||   251
  Block: Buckler           |    20 |    43 |    41 ||   104
